Map: Triton LE

Players

Mez - Winner!

  • Race: Terran Terran
  • League: Master
  • Spawn Location: 5:00

Demon

  • Race: Protoss Protoss
  • League: Master
  • Spawn Location: 11:00

VOD

Have the link to the VOD?

Description

Time

  • Played on: Sept. 4, 2019, 1:50 a.m.
  • Length: 13:08
Show
View Real Time Build Order
Export as new Build Order

Mez Terran - Winner!

Build Orders: Reaper Expand 

Get SALT Encoding   

  12  0:00  SCV  
  13  0:12  SCV  
  14  0:17  Supply Depot  
  14  0:25  SCV  
  15  0:39  Barracks, SCV  
  16  0:45  Refinery  
  16  0:51  SCV  
  17  1:03  SCV  
  18  1:15  SCV  
  19  1:29  Orbital Command, Reaper  
  20  1:43  Command Center  
  20  1:52  Supply Depot  
  20  1:55  SCV  
  21  2:04  Marine  
  22  2:12  SCV  
  23  2:25  Barracks Reactor  
  24  2:34  Command Center  
  23  2:39  Factory, SCV  
  24  2:54  SCV  
  24  2:58  Bunker  
  25  3:05  Orbital Command  
  25  3:06  Marine x2  
  26  3:14  SCV  
  26  3:16  Refinery  
  26  3:24  Marine x2  
  27  3:41  Widow Mine, Starport  
  29  3:42  Marine x2  
  29  3:43  SCV x2  
  33  3:54  Refinery  
  33  3:55  Orbital Command, SCV  
  34  3:58  SCV  
  35  4:07  Widow Mine, Marine x2  
  39  4:10  SCV  
  39  4:11  SCV  
  41  4:23  SCV x2  
  43  4:24  Starport Tech Lab  
  43  4:31  Factory Tech Lab  
  43  4:32  SCV  
  43  4:35  Barracks, SCV x2  
  46  4:38  Barracks  
  46  4:42  Marine x2  
  46  4:44  SCV  
  49  4:46  Raven  
  49  4:47  SCV  
  49  4:51  Siege Tank  
  49  4:52  SCV  
  56  4:57  Supply Depot  
  56  5:03  SCV x2  
  56  5:04  Marine x2  
  60  5:08  Orbital Command  
  60  5:20  SCV  
  60  5:21  Marine, SCV  
  61  5:22  Engineering Bay, Marine  
  61  5:24  Supply Depot  
  61  5:25  Engineering Bay  
  63  5:31  Stimpack  
  63  5:32  Factory Reactor  
  63  5:35  SCV x3  
  66  5:37  Starport Reactor  
  66  5:39  Marine  
  67  5:47  SCV x2  
  67  5:48  Marauder, Marine x2  
  73  5:55  SCV  
  74  5:58  Terran Infantry Armor Level 1, Terran Infantry Weapons Level 1  
  74  5:59  Refinery, SCV  
  74  6:01  Supply Depot  
  76  6:04  SCV  
  76  6:05  Supply Depot, Marine  
  76  6:06  Supply Depot  
  77  6:13  Barracks  
  77  6:15  Barracks  
  77  6:18  Combat Shield  
  77  6:22  SCV x3  
  80  6:29  Supply Depot  
  80  6:30  Marauder x2, Marine x2  
  80  6:31  Medivac  
  88  6:34  Medivac, SCV x3  
  93  6:44  Supply Depot x2  
  93  6:46  SCV x2  
  95  6:48  Widow Mine x2  
  95  6:50  Marine x2  
  101  6:54  Ghost Academy  
  101  6:58  SCV x2  
  101  6:59  SCV  
  104  7:04  Medivac x2  
  104  7:05  Refinery  
  107  7:12  SCV  
  107  7:13  Supply Depot, SCV x2  
  107  7:15  Widow Mine x2, Supply Depot  
  111  7:34  Marauder x2, Marine x2  
  111  7:35  Barracks Reactor  
  111  7:36  Barracks Tech Lab  
  117  7:37  Medivac x2  
  117  7:38  Widow Mine x2, SCV x2  
  117  7:39  SCV  
  128  7:50  SCV  
  128  7:51  Marine x2, SCV  
  130  7:53  Armory  
  130  7:54  Refinery  
  130  7:55  Marauder  
  130  7:56  Marauder, Supply Depot  
  136  7:59  Supply Depot  
  136  8:02  Marauder  
  136  8:04  SCV  
  136  8:05  SCV  
  140  8:07  Starport  
  140  8:11  Command Center  
  140  8:17  Medivac  
  140  8:18  Marauder x2, Marine x3  
  149  8:24  Marauder  
  151  8:40  Marauder x2, Marine x2  
  157  8:45  Starport Tech Lab  
  157  8:50  Fusion Core  
  157  8:58  Marine x2  
  157  9:05  Liberator x2  
  157  9:12  Marine  
  157  9:14  Marine  
  157  9:15  Liberator  
  157  9:17  Marine  
  157  9:23  Marauder x2  
  169  9:25  Sensor Tower  
  169  9:26  Supply Depot x2  
  169  9:27  Supply Depot  
  164  9:51  Unknown  
  132  10:12  Unknown  
  128  10:17  Unknown, Advanced Ballistics  
  128  10:19  Liberator  
  128  10:20  Liberator x2  
  128  10:22  Supply Depot  
  128  10:23  Supply Depot  
  128  10:24  Supply Depot x2  
  128  10:25  Supply Depot  
  110  10:36  Marauder, Marine x4  
  110  10:37  Marauder x2  
  93  10:53  Marine x2  
  93  10:55  Marine x2  
  85  10:58  Marauder x3  
  85  11:02  Liberator  
  86  11:11  Marine  
  86  11:13  SCV  
  88  11:19  Marauder x2  
  88  11:20  Viking x2  
  99  11:32  Orbital Command  
  99  11:46  Marauder x2, Marine  
  104  12:04  Planetary Fortress  
  105  12:22  Marauder, Marine x4  
  109  12:25  SCV  
  109  12:26  SCV x2  
  114  12:37  Marauder, Unknown x2  
  114  12:38  SCV  
Show
View Real Time Build Order
Export as new Build Order

Demon Protoss 

Build Orders: 1 Gate Expand 

Get SALT Encoding   

  1  0:00  Probe  
  12  0:05  Probe  
  14  0:17  Pylon  
  14  0:21  Probe  
  15  0:35  Probe  
  15  0:37  Gateway  
  16  0:48  Probe  
  17  0:57  Probe  
  17  1:00  Assimilator  
  18  1:05  Probe  
  19  1:18  Nexus  
  19  1:27  Cybernetics Core  
  19  1:31  Probe  
  20  1:43  Pylon, Probe  
  21  1:54  Assimilator  
  21  1:55  Stalker  
  21  1:56  Probe  
  22  2:04  Warp Gate  
  24  2:08  Probe  
  25  2:18  Stalker  
  25  2:20  Probe  
  28  2:32  Probe  
  28  2:35  Probe  
  29  2:41  Twilight Council  
  29  2:45  Probe  
  29  2:47  Probe, Stalker  
  33  2:57  Probe  
  33  3:06  Probe  
  33  3:09  Probe  
  35  3:15  Probe  
  36  3:23  Gateway, Charge  
  36  3:24  Gateway  
  36  3:39  Probe  
  37  3:43  Pylon  
  37  3:48  Gateway  
  37  3:51  Gateway  
  37  3:52  Probe x2  
  39  4:03  Zealot  
  39  4:04  Probe  
  42  4:12  Probe  
  42  4:14  Pylon  
  42  4:16  Probe  
  44  4:18  Pylon  
  44  4:20  Gateway  
  44  4:22  Pylon  
  44  4:24  Probe  
  44  4:26  Zealot  
  44  4:28  Pylon  
  47  4:32  Robotics Facility  
  47  4:33  Probe  
  48  4:38  Probe  
  48  4:43  Zealot x2  
  53  4:46  Probe  
  53  4:47  Probe  
  55  4:58  Templar Archives  
  55  4:59  Probe  
  56  5:01  Probe, Assimilator  
  56  5:02  Assimilator  
  56  5:04  Zealot  
  59  5:15  Gateway  
  59  5:28  Robotics Bay  
  59  5:30  Psionic Storm  
  59  5:32  Gateway  
  59  5:33  Robotics Facility  
  59  5:36  Probe  
  60  5:43  Zealot  
  60  5:45  Probe  
  60  5:49  Probe  
  64  5:51  Observer, High Templar  
  64  5:53  Zealot  
  64  5:54  Zealot x2  
  73  6:08  Pylon  
  73  6:12  High Templar  
  73  6:18  Nexus  
  75  6:20  Pylon  
  75  6:28  Pylon  
  74  6:33  Extended Thermal Lance  
  74  6:37  Pylon  
  74  6:47  Colossus  
  74  6:48  Colossus  
  86  7:02  Probe  
  86  7:04  Probe  
  86  7:06  Pylon  
  88  7:14  Pylon, Probe  
  89  7:21  Pylon  
  87  7:26  Zealot x2  
  87  7:27  Colossus, Probe x2  
  89  7:39  Probe x2  
  89  7:41  Colossus, Zealot  
  105  7:51  Forge  
  105  7:56  Forge, Pylon  
  105  7:57  Zealot  
  105  8:02  Assimilator  
  105  8:04  Probe  
  105  8:05  Probe x2  
  108  8:06  Assimilator  
  108  8:14  Colossus  
  108  8:19  Zealot  
  107  8:35  Observer  
  107  8:38  Zealot x2, High Templar  
  107  8:39  Zealot  
  114  8:42  Shield Battery  
  114  8:44  Shield Battery  
  114  8:46  Stalker x3  
  117  8:53  Stalker  
  119  9:04  Stalker x3  
  125  9:12  Zealot x2  
  129  9:20  Photon Cannon  
  125  9:33  Pylon  
  125  9:34  Photon Cannon  
  95  10:03  Probe x2  
  95  10:04  Stalker x2  
  85  10:15  Probe x2  
  85  10:16  Zealot  
  71  10:45  Stalker x3  
  57  11:00  High Templar x3  
  49  11:20  Probe x2  
  51  11:25  Stalker  
  51  11:42  High Templar x5  
  51  11:46  Probe  
  60  12:04  Stalker x2  
  57  12:23  Probe x2  
  59  12:35  Probe  
  60  12:40  Zealot  
  60  12:41  Zealot  
  62  13:00  Archon  
Tags
 
Add a new tag
Caveats
  • Supply blocks, unpowered buildings, or Contaminate may cause inaccurate times.
  • Supply counts are checked every 10 seconds.